 Dungeon Sprint DCSS version 0.17-a0-2030-g9ce824c (webtiles) character file.

1178 Ordine the Eclecticist (level 8, 0/41 HPs)
             Began as a Deep Elf Fire Elementalist on Oct 10, 2015.
             Was a Follower of Vehumet.
             Killed by an exploding giant spore (26 damage)
             ... in the Dungeon (Sprint I: "Red Sonja").
             The game lasted 00:05:02 (731 turns).

Ordine the Eclecticist (Deep Elf Fire Elementalist)  Turns: 731, Time: 00:05:02

Health: 0/41       AC:  2    Str:  5    XL:     8   Next: 18%
Magic:  32/32      EV: 13    Int: 23    God:    Vehumet [*.....]
Gold:   409        SH:  0    Dex: 15    Spells: 4 memorised, 30 levels left

rFire  . . .     SeeInvis .     h - +0 short sword (venom)
rCold  . . .     Clarity  .     a - +0 robe
rNeg   . . .     SustAt   .     (no shield)
rPois  .         Gourm    .     (no helmet)
rElec  .         Spirit   .     (no cloak)
rCorr  .         Warding  .     (no gloves)
rMut   .         NoTele   +     (no boots)
MR     .....                    (no amulet)
Stlth  +.........               (no ring)
                                (no ring)

@: confused, hasted, very quick, not resistant to hostile enchantments, very
unstealthy
A: no striking features
a: Renounce Religion


You were in the Dungeon.
You worshipped Vehumet.
Vehumet was aware of your devotion.
You were not hungry.

You visited 1 branch You collected 409 gold pieces.

Inventory:

Hand Weapons
 h - a +0 short sword of venom (weapon)
Armour
 a - a +0 robe (worn)
Scrolls
 i - a scroll of blinking
Potions
 d - a potion of curing
 e - a potion of heal wounds
 g - a potion of magic
 j - a potion of lignification {unknown}
Comestibles
 c - a bread ration


   Skills:
 - Level 2.4 Dodging
 - Level 2.4 Stealth
 - Level 18.6 Spellcasting
 - Level 10.1 Conjurations
 + Level 3.2 Fire Magic


You had 30 spell levels left.
You knew the following spells:

 Your Spells              Type           Power        Failure   Level  Hunger
a - Throw Flame           Conj/Fire      ######       1%          2    None
b - Conjure Flame         Conj/Fire      ######..     1%          3    None
c - Sticky Flame          Conj/Fire      ######..     1%          4    None
d - Fireball              Conj/Fire      ######....   6%          5    None


Dungeon Overview and Level Annotations

Branches:
Dungeon (1/1)

Altars:
Cheibriados
Dithmenos
Elyvilon
Fedhas
Gozag
Kikubaaqudgha
Makhleb
Nemelex Xobeh
Okawaru
Qazlal
Ru
Sif Muna
Trog
Vehumet
Xom
Yredelemnul
Zin
The Shining One
Jiyva

Shops:
D (*


Message History

There is an open door here.
Drink which item? (? for menu, Esc to quit)
Okay, then.
Unknown command.
Things that are here:
a blowgun; 7 curare-tipped needles You open the door.
The giant spore waves its rhizomes.
Found five items.
Drink which item? (? for menu, Esc to quit)
You feel yourself speed up.
The giant spore explodes!
The explosion of spores engulfs you!
You are confused.
The explosion of spores engulfs the giant spore.
The giant spore explodes!
The explosion of spores engulfs you!
You are more confused.
Ouch! That really hurt!
You die...

#..#__####..##/#
#.)#_..__##'#..+
#⌠⌠#_.∩...'..._#
####_..._##_(#'#
#_____###'#[#
############.###
#∩........'...+
###++++####.).#
##@## #'# !$!


$?)($ ####### There were no monsters in sight!

Vanquished Creatures
  Sonja (D)
  A slime creature (D)
  Sigmund (D)
  A yak (D)
  An ogre (D)
  A jelly (D)
  Ijyb (D)
7 creatures vanquished.

Notes
Turn   | Place    | Note
--------------------------------------------------------------
     0 | D        | Ordine the Deep Elf Fire Elementalist began the quest for the Orb.
     0 | D        | Reached XP level 1. HP: 10/10 MP: 6/6
     2 | D        | Noticed Ijyb
    10 | D        | Killed Ijyb
    10 | D        | Reached skill level 6 in Conjurations
    10 | D        | Reached XP level 2. HP: 15/15 MP: 5/8
    32 | D        | Learned a level 2 spell: Throw Flame
    68 | D        | Noticed an ogre
    80 | D        | Killed an ogre
    80 | D        | Reached skill level 10 in Conjurations
    80 | D        | Reached XP level 3. HP: 19/19 MP: 6/9
    80 | D        | Reached XP level 4. HP: 24/24 MP: 6/10
    86 | D        | Learned a level 4 spell: Sticky Flame
   113 | D        | Noticed Sigmund
   118 | D        | Killed Sigmund
   118 | D        | Reached skill level 11 in Spellcasting
   118 | D        | Reached XP level 5. HP: 14/28 MP: 0/20
   118 | D        | Reached XP level 6. HP: 16/32 MP: 0/22
   387 | D        | Found a deep blue altar of Sif Muna.
   392 | D        | Learned a level 3 spell: Conjure Flame
   398 | D        | Learned a level 5 spell: Fireball
   398 | D        | Noticed a jelly
   400 | D        | Found a radiant altar of Vehumet.
   401 | D        | Killed a jelly
   420 | D        | Became a worshipper of Vehumet
   438 | D        | Found Wokk's General Store.
   438 | D        | Found a white marble altar of Elyvilon.
   438 | D        | Found a stormy altar of Qazlal.
   438 | D        | Found a burning altar of Makhleb.
   438 | D        | Found a sacrificial altar of Ru.
   438 | D        | Found a basalt altar of Yredelemnul.
   438 | D        | Found a glowing golden altar of the Shining One.
   438 | D        | Found a sparkling altar of Nemelex Xobeh.
   438 | D        | Found a shimmering altar of Xom.
   438 | D        | Found an opulent altar of Gozag.
   438 | D        | Found an ancient bone altar of Kikubaaqudgha.
   438 | D        | Found a glowing silver altar of Zin.
   438 | D        | Noticed a yak
   458 | D        | Killed a yak
   458 | D        | Reached skill level 14 in Spellcasting
   481 | D        | Found an iron altar of Okawaru.
   482 | D        | Found a bloodstained altar of Trog.
   588 | D        | Found a snail-covered altar of Cheibriados.
   588 | D        | Found a viscous altar of Jiyva.
   588 | D        | Found a shadowy altar of Dithmenos.
   588 | D        | Found a blossoming altar of Fedhas.
   588 | D        | Noticed a slime creature
   591 | D        | Killed a slime creature
   591 | D        | Reached skill level 15 in Spellcasting
   591 | D        | Reached XP level 7. HP: 36/36 MP: 14/28
   603 | D        | Noticed Sonja
   605 | D        | Killed Sonja
   605 | D        | Acquired Vehumet's first power
   605 | D        | Offered knowledge of Magic Dart by Vehumet.
   605 | D        | Reached skill level 18 in Spellcasting
   605 | D        | Reached XP level 8. HP: 36/41 MP: 7/32
   709 | D        | Found Dikafyi's Antique Weapon Boutique.
   731 | D        | Killed by an exploding giant spore

Vault maps used:
D:        dungeon_sprint_1

Action                   |  1- 3 |  4- 6 |  7- 9 || total
-------------------------+-------+-------+-------++-------
Melee: Unarmed           |     5 |       |       ||     5
 Cast: Flame Tongue      |     2 |       |       ||     2
       Throw Flame       |     4 |     6 |     1 ||    11
       Fireball          |       |     5 |     2 ||     7
       Sticky Flame      |       |     2 |       ||     2
  Use: Potion            |     2 |       |     1 ||     3
  Eat: Chunk             |       |       |     1 ||     1
